 Dungeon Crawl Stone Soup version 0.21.1-1-g345015fe64 (webtiles) character file.

18727 Hercules1031 the Slicer (level 12, 0/165 HPs)
             Began as a Minotaur Fighter on June 13, 2018.
             Was a High Priest of Trog.
             Succumbed to Aizul's bolt of poison
             ... on level 1 of the Snake Pit.
             The game lasted 01:30:40 (12919 turns).

Hercules1031 the Slicer (Minotaur Fighter)         Turns: 12919, Time: 01:30:41

Health: 0/165      AC: 26    Str: 29    XL:     12   Next: 30%
Magic:  3/9        EV:  8    Int:  5    God:    Trog [*****.]
Gold:   753        SH: 15    Dex: 16    Spells: 11/11 levels left

rFire    + . .     SeeInvis .   r - +5 rapier (speed)
rCold    . . .     Gourm    .   c - +1 shield
rNeg     . . .     Faith    .   x - +1 crystal plate armour
rPois    .         Spirit   +   (helmet restricted)
rElec    .         Reflect  .   q - +1 cloak
rCorr    .         Harm     .   m - +1 pair of gloves {archery}
MR       .....                  (no boots)
Stlth    ..........             t - amulet of guardian spirit
HPRegen  0.37/turn              w - +2 ring of strength
MPRegen  0.11/turn              u - ring of stealth

@: berserking, lethally poisoned (0 -> -32), very quick
A: retaliatory headbutt, horns 2, agile 1, deterioration 1, fire resistance 1,
low mp 1
a: Berserk, Trog's Hand, Brothers in Arms, Burn Spellbooks, Renounce Religion


You were on level 1 of the Snake Pit.
You worshipped Trog.
Trog was extremely pleased with you.
You were full.

You visited 4 branches of the dungeon, and saw 13 of its levels.
You also visited: Sewer and Ice Cave.

You collected 903 gold pieces.
You spent 150 gold pieces at shops.

Inventory:

Hand Weapons
 a - a +1 trident
 b - a cursed -1 whip
 f - a +1 short sword of speed
 j - a +2 short sword of electrocution
 r - a +5 rapier of speed (weapon)
 A - the +7 quarterstaff of Piocaqel {elec, rElec rF+ MR+ Dex-4}
   (Trog gifted it to you on level 1 of the Snake Pit)

   Occasionally, upon striking a foe, it will discharge some electrical energy
   and cause terrible harm.
   It affects your dexterity (-4).
   It protects you from fire.
   It insulates you from electricity.
   It affects your resistance to hostile enchantments.
Armour
 c - a +1 shield (worn)
 k - +0 ice dragon scales
 m - a +1 pair of gloves of archery (worn)
 q - a +1 cloak (worn)
 x - a +1 crystal plate armour (worn)
Jewellery
 l - a +4 ring of intelligence
 t - an amulet of guardian spirit (around neck)
 u - a ring of stealth (right hand)
 w - a +2 ring of strength (left hand)
Wands
 d - a wand of digging (37)
 n - a wand of clouds (7)
 B - a wand of acid (3)
Scrolls
 e - 5 scrolls of remove curse
 h - 7 scrolls of teleportation
Potions
 i - a potion of lignification
 o - a potion of flight
 s - a potion of ambrosia
 v - 2 potions of cancellation
Miscellaneous
 g - a crystal ball of energy
Comestibles
 z - 9 rations


   Skills:
 + Level 11.4 Fighting
 + Level 12.2 Short Blades
   Level 3.3 Axes
 + Level 2.2 Staves
 + Level 10.5 Armour
 + Level 4.3 Dodging
 - Level 3.0 Stealth
 * Level 12.2 Shields


You had 11 spell levels left.
You didn't know any spells.

Dungeon Overview and Level Annotations

Branches:
Dungeon (9/15)             Temple (1/1) D:6            Lair (2/6) D:9
  Snake (1/4) Lair:2
  Swamp: Lair:2-4    Shoals: Lair:2-4       Orc: D:9-12

Altars:
Ashenzari
Cheibriados
Dithmenos
Elyvilon
Fedhas
Gozag
Hepliaklqana
Kikubaaqudgha
Makhleb
Nemelex Xobeh
Okawaru
Qazlal
Ru
Sif Muna
Trog
Uskayaw
Vehumet
Wu Jian
Xom
Yredelemnul
Zin
The Shining One

Shops:
D:5 (

Annotations:
Snake:1 Aizul


Innate Abilities, Weirdness & Mutations

You reflexively headbutt those who attack you in melee.
You have a pair of horns on your head.
You are agile. (Dex +2)
Your body sometimes deteriorates upon taking damage.
Your flesh is heat resistant. (rF+)
Your magical capacity is low. (-10% MP)


Message History

You feel sick. You block Aizul's attack.
A red film seems to cover your vision as you go berserk!
You feel yourself moving faster!
You feel mighty!
You feel a lot less full.
* * * LOW HITPOINT WARNING * * *
You feel sick.
Aizul coils herself and waves her upper body at you.
The bolt of poison hits you!
You are more poisoned.
* * * LOW HITPOINT WARNING * * *
You closely miss Aizul. Your headbutt misses Aizul.
Aizul is severely wounded.
* * * LOW HITPOINT WARNING * * *
You feel sick. You block Aizul's attack.
You closely miss Aizul.
Aizul is severely wounded.
* * * LOW HITPOINT WARNING * * *
You feel sick.
You puncture Aizul! Your headbutt misses Aizul.
Aizul is severely wounded.
You die...

#..#
######...........
#..## ##..........
#...# ###........
#.#§.# ##.......
####.### ##......
##..## ##.....
##.§# ###... #..##
##... ##@.# ###....
#S.# ##...... #..##
##....... #..##
##........ #..#
##........# ### #
##...##...##
####.##..###....#
#...##...###...##
####...##...##....#


You could see Aizul.

Vanquished Creatures
  A hydra (D:8)
  An ice dragon (Lair:2)
  An anaconda (Snake:1)
  2 shock serpents (Snake:1)
  An ugly thing (D:9)
  A mana viper (Snake:1)
  A salamander (Snake:1)
  3 black mambas (Snake:1)
  2 naga magi (Snake:1)
  2 spiny frogs
  A komodo dragon (Lair:1)
  2 ice devils (Lair:1)
  7 polar bears (IceCv)
  2 dream sheep (D:8)
  A hippogriff (D:8)
  3 wyverns
  21 yaks
  A steam dragon (Lair:2)
  2 water moccasins
  2 porcupines (Lair:2)
  2 wargs (D:9)
  2 sky beasts
  4 orc warriors
  An ice beast (D:9)
  A necrophage (D:6)
  18 wolves (IceCv)
  2 phantoms
  2 centaurs
  4 ogres
  3 crocodiles (Lair:1)
  Blork the orc (D:4)
  4 big kobolds
  A gnoll sergeant (D:7)
  A wyvern zombie (D:8)
  6 bullfrogs
  A wyvern skeleton (D:8)
  A scorpion (D:5)
  A howler monkey (D:4)
  2 electric eels
  2 crimson imps
  A jelly (D:4)
  A centaur zombie (D:8)
  13 orc wizards
  7 orc priests
  2 hounds
  3 bullfrog skeletons
  A centaur skeleton (D:7)
  An iguana (D:7)
  5 worker ants
  2 hound skeletons
  A worker ant zombie (D:6)
  Robin (D:4)
  8 adders
  5 gnolls (D:7)
  2 howler monkey skeletons
  A shadow imp (D:8)
  An adder skeleton (D:6)
  5 worms
  7 leopard geckos
  37 orcs
  6 bats
  18 giant cockroaches
  17 goblins
  5 hobgoblins
  6 jackals (D:5)
  10 kobolds
  3 quokkas
  2 ball pythons
  9 frilled lizards
  A leopard gecko skeleton (D:4)
  10 rats
  A plant (D:8)
308 creatures vanquished.

Notes
Turn   | Place    | Note
-------+----------+-------------------------------------------
     0 | D:1      | Hercules1031 the Minotaur Fighter began the quest for the Orb.
     0 | D:1      | Reached XP level 1. HP: 19/19 MP: 0/0
   113 | D:1      | Reached XP level 2. HP: 26/27 MP: 1/1
   500 | D:1      | Reached XP level 3. HP: 33/33 MP: 2/2
   607 | D:2      | Found a shadowy altar of Dithmenos.
  1412 | D:3      | Reached skill level 1 in Short Blades
  1583 | D:3      | Reached XP level 4. HP: 29/40 MP: 3/3
  1668 | D:3      | Reached XP level 5. HP: 32/47 MP: 4/4
  1986 | D:4      | Noticed Robin
  1986 | D:4      | Found a bloodstained altar of Trog.
  1993 | D:4      | Killed Robin
  2036 | D:4      | Became a worshipper of Trog the Wrathful
  2099 | D:4      | Reached skill level 5 in Fighting
  2110 | D:4      | Found a shimmering altar of Xom.
  2111 | D:4      | Found a shimmering altar of Xom.
  2130 | D:4      | Found a shimmering altar of Xom.
  2223 | D:4      | Found a hazy altar of Hepliaklqana.
  2230 | D:4      | Found a transporter.
  2243 | D:4      | Found a transporter.
  2258 | D:4      | Reached XP level 6. HP: 56/56 MP: 5/5
  2443 | D:4      | Reached skill level 5 in Short Blades
  2575 | D:4      | Reached * piety under Trog
  2596 | D:4      | Found a glowing drain.
  2608 | Sewer    | Entered a sewer
  2837 | Sewer    | Reached XP level 7. HP: 32/63 MP: 6/6
  3235 | D:4      | Noticed Blork the orc
  3240 | D:4      | Killed Blork the orc
  3396 | D:5      | Entered Level 5 of the Dungeon
  3421 | D:5      | Reached ** piety under Trog
  3580 | D:5      | Reached XP level 8. HP: 71/71 MP: 7/7
  3766 | D:5      | Reached skill level 5 in Armour
  3773 | D:5      | Found Ykedd's Antique Weapon Shop.
  3776 | D:5      | Bought a glowing short sword for 150 gold pieces
  3803 | D:5      | Reached skill level 5 in Shields
  4080 | D:5      | Found a glowing silver altar of Zin.
  4205 | D:5      | Found a sparkling altar of Nemelex Xobeh.
  4543 | D:6      | You fall through a shaft for 3 floors!
  4545 | D:9      | Found a basalt altar of Yredelemnul.
  4549 | D:9      | Found an ornate altar of the Wu Jian Council.
  4798 | D:8      | Noticed a hippogriff
  4808 | D:8      | Killed a hippogriff
  4808 | D:8      | Reached XP level 9. HP: 71/81 MP: 6/8
  5051 | D:8      | Noticed a two-headed hydra
  5059 | D:8      | Killed a two-headed hydra
  5059 | D:8      | Reached skill level 10 in Short Blades
  5136 | D:8      | Reached *** piety under Trog
  5148 | D:8      | Reached XP level 10. HP: 65/91 MP: 5/9
  5188 | D:8      | Found a stormy altar of Qazlal.
  5427 | D:8      | Found a deep blue altar of Sif Muna.
  5713 | D:7      | Found an iron altar of Okawaru.
  6000 | D:6      | Found a staircase to the Ecumenical Temple.
  6012 | Temple   | Entered the Ecumenical Temple
  6155 | D:6      | Found an opulent altar of Gozag.
  6746 | D:7      | Found a blossoming altar of Fedhas.
  7578 | D:9      | Reached **** piety under Trog
  7823 | D:9      | Found a shattered altar of Ashenzari.
  7851 | D:9      | Found a staircase to the Lair.
  7853 | D:9      | Noticed a white ugly thing
  7924 | D:9      | Killed a white ugly thing
  8290 | D:9      | Gained mutation: Scrolls take you a little longer to read. [potion of mutation]
  8290 | D:9      | Gained mutation: You expend magic power (3 MP) to strengthen your wands. [potion of mutation]
  8290 | D:9      | Gained mutation: Potions are less effective at restoring your health. [potion of mutation]
  8290 | D:9      | Gained mutation: You are agile. (Dex +2) [potion of mutation]
  8584 | Lair:1   | Entered Level 1 of the Lair of Beasts
  8680 | Lair:1   | Lost mutation: Scrolls take you a little longer to read. [potion of mutation]
  8680 | Lair:1   | Lost mutation: Potions are less effective at restoring your health. [potion of mutation]
  8680 | Lair:1   | Gained mutation: You have an increased reservoir of magic. (+10% MP) [potion of mutation]
  8680 | Lair:1   | Gained mutation: You tend to lose your temper in combat. [potion of mutation]
  8680 | Lair:1   | Gained mutation: You have a pair of large horns on your head. [potion of mutation]
  8774 | Lair:1   | Reached skill level 10 in Fighting
  8881 | Lair:1   | Noticed a spiny frog
  8911 | Lair:1   | Killed a spiny frog
  9068 | Lair:1   | Lost mutation: You expend magic power (3 MP) to strengthen your wands. [potion of mutation]
  9068 | Lair:1   | Lost mutation: You tend to lose your temper in combat. [potion of mutation]
  9068 | Lair:1   | Gained mutation: Scrolls take you a little longer to read. [potion of mutation]
  9068 | Lair:1   | Gained mutation: You are resistant to hostile enchantments. (MR+) [potion of mutation]
  9068 | Lair:1   | Lost mutation: You have a pair of large horns on your head. [potion of mutation]
  9068 | Lair:1   | Gained mutation: You are highly resistant to hostile enchantments. (MR++) [potion of mutation]
  9069 | Lair:1   | Lost mutation: You are highly resistant to hostile enchantments. (MR++) [potion of mutation]
  9069 | Lair:1   | Lost mutation: Scrolls take you a little longer to read. [potion of mutation]
  9069 | Lair:1   | Lost mutation: You have an increased reservoir of magic. (+10% MP) [potion of mutation]
  9069 | Lair:1   | Lost mutation: You are resistant to hostile enchantments. (MR+) [potion of mutation]
  9069 | Lair:1   | Gained mutation: Your magical capacity is low. (-10% MP) [potion of mutation]
  9069 | Lair:1   | Gained mutation: Your body sometimes deteriorates upon taking damage. [potion of mutation]
  9069 | Lair:1   | Gained mutation: Your flesh is heat resistant. (rF+) [potion of mutation]
  9143 | Lair:1   | Reached XP level 11. HP: 56/100 MP: 7/8
  9170 | Lair:1   | Found a frozen archway.
  9184 | Lair:1   | Reached skill level 10 in Shields
  9199 | IceCv    | Entered an ice cave
  9587 | IceCv    | Reached skill level 1 in Dodging
  9618 | IceCv    | Reached ***** piety under Trog
  9931 | IceCv    | Reached skill level 1 in Stealth
 11003 | Lair:2   | Found a labyrinth entrance.
 11155 | Lair:2   | Reached skill level 10 in Armour
 11158 | Lair:2   | Noticed an ice dragon
 11199 | Lair:2   | Killed an ice dragon
 11613 | Lair:2   | Found a staircase to the Snake Pit.
 11845 | Snake:1  | Entered Level 1 of the Snake Pit
 11845 | Snake:1  | Noticed a shock serpent
 11857 | Snake:1  | Received a gift from Trog
 11864 | Snake:1  | Killed a shock serpent
 11864 | Snake:1  | Reached XP level 12. HP: 56/110 MP: 5/9
 11867 | Snake:1  | Got a warped quarterstaff {god gift}
 11870 | Snake:1  | Identified the +7 quarterstaff of Piocaqel {elec, rElec rF+ MR+ Dex-4} (Trog gifted it to you on level 1 of the Snake Pit)
 12311 | Snake:1  | Noticed an anaconda
 12318 | Snake:1  | Reached skill level 1 in Staves
 12329 | Snake:1  | Killed an anaconda
 12880 | Snake:1  | Noticed Aizul
 12916 | Snake:1  | HP: 3/165 [Aizul/bolt of poison (8)]
 12918 | Snake:1  | HP: 1/165 [poisoned by Aizul (bolt of poison)]
 12919 | Snake:1  | Succumbed to Aizul's bolt of poison

Skill      XL: |  1  2  3  4  5  6  7  8  9 10 11 12 |
---------------+-------------------------------------+-----
Axes           | 3 |  3.3
Armour         | 4 6 7 9 10 | 10.5
Fighting       | 4 5 6 7 9 10 11 | 11.4
Shields        | 4 6 7 9 11 12 | 12.2
Short Blades   | 1 2 4 6 7 8 10 11 12 | 12.2
Dodging        | 3 4 |  4.3
Stealth        | 3 |  3.0
Staves         | 2 |  2.2

Action                   |  1- 3 |  4- 6 |  7- 9 | 10-12 || total
-------------------------+-------+-------+-------+-------++-------
Melee: War axe           |    65 |       |       |       ||    65
       Headbutt          |    13 |    21 |    57 |   193 ||   284
       Short sword       |    56 |   103 |       |       ||   159
       Rapier            |       |    78 |   251 |   806 ||  1135
Invok: Burn Spellbooks   |       |       |       |     2 ||     2
       Berserk           |       |       |       |     3 ||     3
  Use: Potion            |     2 |       |     9 |    14 ||    25
       Scroll            |     1 |     3 |     8 |    15 ||    27
  Eat: Ration            |     2 |     1 |     3 |     8 ||    14
Armor: Scale mail        |    33 |       |       |       ||    33
       Chain mail        |    41 |   112 |    31 |       ||   184
       Crystal plate arm |       |       |    78 |   299 ||   377
       Skin              |       |       |       |    11 ||    11
Dodge: Dodged            |    43 |    36 |    24 |    51 ||   154
Block: Shield            |    68 |   101 |   112 |   357 ||   638
